[Event "Hungarian Youth-ch U14 2022"]
[Site "Eger"]
[Date "2022.07.24"]
[Round "2.4"]
[White "Giang, Tran Nam"]
[Black "Gergely, Daniel"]
[Result "1-0"]
[ECO "B33"]
[WhiteElo "2144"]
[BlackElo "2053"]
[Annotator "TA"]
[PlyCount "97"]
[EventDate "2022.07.21"]
[EventType "tourn"]
[EventCountry "HUN"]
[SourceTitle "playchess.com"]
[Source "ChessBase"]
[SourceQuality "1"]
[TimeControl "40/5400+30:1800+30"]

1. e4 c5 2. Nf3 Nc6 3. d4 cxd4 4. Nxd4 Nf6 5. Nc3 g6 6. Nxc6 dxc6 {[%emt 0:00:12] now supersedes 6...bxc6.} 7. Qxd8+ Kxd8 8. Bf4 Nd7 {[%emt 0:05:20] B34: Sicilian: Accelerated Dragon with 5 Nc3: sidelines.} 9. O-O-O Bg7 10. Bc4 e5 {[%emt 0:03:29] The position is equal.} 11. Be3 Ke7 {[%emt 0:02:48] [#]} 12. Bb3 $146 {[%emt 0:05:49] 0x0.002065c13ef3dp-1022s more active pieces. The black rooks are badly placed.} (12. Rhf1 $14) ({Predecessor:} 12. Rd2 Nb6 13. Bb3 Be6 14. Bc5+ Ke8 15. Bxe6 fxe6 16. Rd3 Bf8 17. Bxb6 axb6 18. Rhd1 {½-½ (75) Ashwin,J (2488)-Lakshmi,N (1883) Chennai 2012}) 12... b5 (12... h5 $11) 13. Rd2 $16 f5 (13... a5 $14) 14. Bg5+ ({White should try} 14. exf5 $18 gxf5 15. f3) 14... Bf6 15. Bxf6+ Nxf6 {[%emt 0:00:24] [#]} 16. exf5 $1 gxf5 (16... b4 $2 17. Re1 Re8 18. Rxe5+ Kf8 19. Rxe8+ Nxe8 20. Nd1 $18) 17. Re1 $36 {[%emt 0:03:36][%mdl 2048] White is in control.} Nd7 (17... e4 $16 {was called for.}) 18. a3 (18. Re3 $18) 18... a5 19. f3 Re8 20. g4 fxg4 (20... b4 $16) 21. fxg4 $18 b4 22. Ne4 Kd8 {[%emt 0:01:09] [#]} (22... bxa3 $142 23. bxa3 a4) 23. Nd6 $1 Re7 24. Nf5 Re8 25. Ng7 Rh8 26. Rxe5 Kc7 27. Re7 {[%emt 0:00:29] Hoping for Be6.} Ra7 $2 (27... Kb6 28. Rdxd7 Bxd7) 28. Be6 Rf8 29. Nf5 Kd8 30. Rxh7 Re8 31. Nd4 Kc7 32. Bxd7 Re1+ 33. Rd1 Rxd1+ 34. Kxd1 Bxd7 {[%emt 0:00:06][%mdl 4096] Endgame KRB-KRN} 35. g5 Kd6 (35... Ra8 {keeps fighting.} 36. Nf5 Rd8) 36. Kd2 {[%emt 0:00:39] Nf5+ is the strong threat.} Ra8 37. h4 c5 38. Ne2 Bf5 39. Rf7 Ke6 40. Rf6+ Ke5 41. Rc6 Rd8+ 42. Ke3 Kd5 43. Ra6 Rh8 (43... Re8+ {might work better.} 44. Kf2 Bxc2 45. Rxa5 bxa3 46. bxa3 Kc4) 44. h5 Kc4 (44... Re8+ $142 45. Kf2 Bxc2) 45. b3+ Kb5 46. Rf6 Re8+ 47. Kd2 Rd8+ 48. Kc1 bxa3 49. c4+ {[%emt 0:00:17] Weighted Error Value: White=0.27 (precise) /Black=0.41} 1-0

[Event "Hungarian Youth-ch U14 2022"]
[Site "Eger"]
[Date "2022.07.24"]
[Round "2.5"]
[White "Bodrogi, Bendeguz"]
[Black "Megyaszai, Balazs"]
[Result "1/2-1/2"]
[ECO "A06"]
[WhiteElo "2170"]
[BlackElo "1919"]
[Annotator "TA"]
[PlyCount "55"]
[EventDate "2022.07.21"]
[EventType "tourn"]
[EventCountry "HUN"]
[SourceTitle "playchess.com"]
[Source "ChessBase"]
[SourceQuality "1"]
[TimeControl "40/5400+30:1800+30"]

1. Nf3 d5 2. g3 e6 3. Bg2 c6 4. O-O Nd7 5. c4 f5 (5... dxc4 $11 6. d3 cxd3) 6. d3 $14 {[%emt 0:03:07][%cal Oe2e4] A07: Réti Opening: New York and Capablanca Systems.} Ngf6 {[%emt 0:13:30] Against e4} 7. Bf4 Be7 8. Nc3 {[%emt 0:01:26][%cal Oe2e4] White has an edge.} O-O {[%emt 0:04:02] [#]} 9. e4 $146 ({Predecessor:} 9. Qc2 Nh5 10. Bd2 dxc4 11. dxc4 e5 12. e4 f4 13. Rad1 fxg3 14. hxg3 Qe8 15. Be3 {0-1 (69) Skowronek,J (1751)-Gruber,R (1976) LSS email 2013}) 9... Nc5 (9... dxe4 $11 10. dxe4 Nxe4) 10. exd5 $16 exd5 11. cxd5 Nxd5 12. Nxd5 Qxd5 13. Re1 Bf6 (13... Qf7 $16) 14. Rc1 (14. Qc2 $18) 14... Nd7 $2 (14... Nxd3 $2 {[#]} 15. Ne5 $1 Nxf4 16. Bxd5+ Nxd5 17. Qb3 $18) (14... Bxb2 $2 15. Nd2 $1 Qd4 16. Rc4 Qxd3 17. Rxc5 $18) (14... Ne6 $16 {was worth a try.}) 15. Qa4 $2 (15. Ng5 $18 Qxa2 16. Ne6) 15... Nb6 $14 16. Qa3 {[%emt 0:00:09] Strongly threatening Ne5.} Qf7 17. Ne5 Bxe5 18. Rxe5 {[%emt 0:00:15] Black must now prevent Re7.} Be6 19. Rce1 Rfe8 20. b3 h6 (20... Nd5 $14) 21. Qd6 $36 {[%emt 0:02:03][%cal Re5e6][%mdl 2048] White has strong initiative.} Nc8 22. Qd4 {[%emt 0:03:58] White is much more active.} (22. Qxe6 $16 Rxe6 23. Rxe6) 22... Nb6 $14 23. Qd6 (23. Qe3 $14 Bd7 24. Qd4) 23... Nc8 $1 $18 24. Qd4 (24. Qxe6 $18 Rxe6 25. Rxe6) 24... Nb6 $14 25. Qd6 (25. Qe3 $14 Bd7 26. Qc5) 25... Nc8 $1 $18 26. Qxe6 Rxe6 27. Rxe6 Nb6 (27... Kh7 {was necessary.}) 28. Re7 {[%mdl 32768] Weighted Error Value: White=0.59/Black=0.35. An unexpected result.} 1/2-1/2

[Event "Hungarian Youth-ch U14 2022"]
[Site "Eger"]
[Date "2022.07.24"]
[Round "2.6"]
[White "Lazsadi, Kerka Lilla"]
[Black "Eros, Vivien"]
[Result "1/2-1/2"]
[ECO "A49"]
[WhiteElo "1674"]
[BlackElo "1599"]
[Annotator "NA RC COMBH"]
[PlyCount "69"]
[EventDate "2022.07.21"]
[EventType "tourn"]
[EventCountry "HUN"]
[SourceTitle "playchess.com"]
[Source "ChessBase"]
[SourceQuality "1"]
[TimeControl "40/5400+30:1800+30"]

1. d4 Nf6 2. Nf3 g6 3. g3 Bg7 4. Bg2 d6 5. O-O O-O 6. Re1 Nbd7 7. e4 e5 8. c3 Re8 9. Nbd2 c6 10. dxe5 Nxe5 11. Nxe5 dxe5 12. Nc4 Qxd1 13. Rxd1 Be6 14. Ne3 Rad8 15. Bd2 Rd6 16. Kf1 Red8 17. Ke2 Bh6 18. b3 Ng4 19. Bc1 Rxd1 20. Nxd1 Bxc1 21. Rxc1 Nf6 22. Ne3 Kf8 23. f4 exf4 24. gxf4 Ng4 25. Bh3 Nxe3 26. Bxe6 fxe6 27. Kxe3 Kf7 28. Rc2 Rd1 29. c4 c5 30. Rf2 Re1+ 31. Kd3 Rd1+ 32. Ke2 Ra1 33. Kf3 Rd1 34. Re2 Rd3+ 35. Kf2 1/2-1/2

[Event "Hungarian Youth-ch U14 2022"]
[Site "Eger"]
[Date "2022.07.24"]
[Round "2.7"]
[White "Szarvas, Nora Orsolya"]
[Black "Beznicza, Mira"]
[Result "1-0"]
[ECO "C05"]
[WhiteElo "1692"]
[BlackElo "1608"]
[Annotator "NA RC COMBH"]
[PlyCount "37"]
[EventDate "2022.07.21"]
[EventType "tourn"]
[EventCountry "HUN"]
[SourceTitle "playchess.com"]
[Source "ChessBase"]
[SourceQuality "1"]
[TimeControl "40/5400+30:1800+30"]

1. e4 e6 2. d4 d5 3. Nd2 Nf6 4. e5 Nfd7 5. f4 c5 6. c3 Nc6 7. Ndf3 Qb6 8. a3 cxd4 9. cxd4 Be7 10. h4 f6 11. Bd3 O-O 12. Ng5 fxe5 13. Bxh7+ Kh8 14. Bg6 Nf6 15. fxe5 Nxe5 16. dxe5 Bc5 17. exf6 Bf2+ 18. Kf1 Qa6+ 19. Bd3 1-0

[Event "Hungarian Youth-ch U14 2022"]
[Site "Eger"]
[Date "2022.07.24"]
[Round "2.8"]
[White "Balazs, Sztella Anna"]
[Black "Horvath, Greta"]
[Result "0-1"]
[ECO "C50"]
[WhiteElo "1663"]
[BlackElo "1346"]
[Annotator "NA RC COMBH"]
[PlyCount "46"]
[EventDate "2022.07.21"]
[EventType "tourn"]
[EventCountry "HUN"]
[SourceTitle "playchess.com"]
[Source "ChessBase"]
[SourceQuality "1"]
[TimeControl "40/5400+30:1800+30"]

1. e4 e5 2. Nf3 Nc6 3. Bc4 Nf6 4. d3 Bc5 5. c3 d6 6. Bb3 a6 7. h3 h6 8. O-O Be6 9. Bc2 d5 10. exd5 Nxd5 11. Re1 O-O 12. Nxe5 Nxe5 13. Rxe5 Bxf2+ 14. Kh1 Bg3 15. Re4 Qd7 16. Qf3 Bd6 17. Nd2 Rfe8 18. Nf1 Nf6 19. Rh4 Bd5 20. Qf2 Qe6 21. Bd2 Qe2 22. Kg1 Re7 23. Ne3 Bh2+ 0-1

[Event "Hungarian Youth-ch U14 2022"]
[Site "Eger"]
[Date "2022.07.24"]
[Round "2.9"]
[White "Toth, Timea"]
[Black "Karacsonyi, Luca"]
[Result "0-1"]
[ECO "B22"]
[WhiteElo "1964"]
[BlackElo "1789"]
[Annotator "TA"]
[PlyCount "52"]
[EventDate "2022.07.21"]
[EventType "tourn"]
[EventCountry "HUN"]
[SourceTitle "playchess.com"]
[Source "ChessBase"]
[SourceQuality "1"]
[TimeControl "40/5400+30:1800+30"]

1. e4 c5 2. c3 d5 3. exd5 Qxd5 4. d4 Nc6 5. Nf3 Bg4 6. Be2 cxd4 7. cxd4 e6 8. O-O Nf6 9. Nc3 Qa5 10. Re1 {[%emt 0:06:45] B22: Sicilian: 2 c3.} Be7 {[%emt 0:12:46] [#]} 11. Bf4 $146 ({Predecessor:} 11. h3 Bh5 12. a3 O-O 13. Bf4 h6 14. Qd2 Bg6 15. Ne5 Nxe5 16. dxe5 Rfd8 17. b4 Rxd2 18. bxa5 {1-0 (53) Grolleau,M (1804)-Gomez Sanchez,J (2352) Tornelo INT 2021}) 11... O-O 12. Ne5 {[%emt 0:14:30] The position is equal.} Bxe2 13. Qxe2 (13. Nxc6 $11 bxc6 14. Qxe2) 13... Nxd4 $17 14. Qd2 Rad8 {[%emt 0:02:09] Threatens to win with ...Nh5.} 15. Nd3 (15. Qd1 $17) 15... Bb4 16. Be5 Ng4 17. Re4 $2 (17. Rad1 {is a better chance.}) 17... Nxe5 $19 {[%emt 0:02:04] Black is clearly winning.} 18. Rxe5 {[%emt 0:00:19] [#]} Nf3+ $1 19. gxf3 Qxe5 {[%emt 0:00:10][%mdl 64] Pin} 20. Re1 {[%emt 0:01:07] [#]} Rxd3 $1 21. Rxe5 (21. Qxd3 Qxe1+) 21... Rxd2 22. Rb5 Bxc3 23. bxc3 Rxa2 24. Rxb7 Rc8 25. Rb3 g5 {[%emt 0:00:11] And now ...a5 would win.} 26. Kg2 a5 {[%emt 0:00:05] Weighted Error Value: White=1.24/Black=0.08 (flawless)} 0-1

[Event "Hungarian Youth-ch U14 2022"]
[Site "Eger"]
[Date "2022.07.24"]
[Round "2.10"]
[White "Kovacs, Reka"]
[Black "Nandin-Erdene, Davaademberel"]
[Result "1/2-1/2"]
[ECO "B19"]
[WhiteElo "1716"]
[BlackElo "1789"]
[Annotator "NA RC COMBH"]
[PlyCount "98"]
[EventDate "2022.07.21"]
[EventType "tourn"]
[EventCountry "HUN"]
[SourceTitle "playchess.com"]
[Source "ChessBase"]
[SourceQuality "1"]
[TimeControl "40/5400+30:1800+30"]

1. e4 c6 2. d4 d5 3. Nc3 dxe4 4. Nxe4 Bf5 5. Ng3 Bg6 6. h4 h6 7. Nf3 Nd7 8. h5 Bh7 9. Bd3 Bxd3 10. Qxd3 e6 11. Bd2 Ngf6 12. O-O-O Be7 13. Kb1 O-O 14. Ne4 c5 15. Nxf6+ Bxf6 16. Be3 Qc7 17. g4 cxd4 18. Bxd4 Qf4 19. Qe3 Qxe3 20. Bxe3 Rfd8 21. Rd3 Be7 22. Rhd1 Nf6 23. Ne5 Nd5 24. Bd4 Bf6 25. Nf3 Be7 26. c3 f6 27. Bxa7 Nxc3+ 28. bxc3 Rxd3 29. Rxd3 Rxa7 30. Nd4 Kf7 31. f4 Ra4 32. Kb2 e5 33. fxe5 fxe5 34. Nf5 Rxg4 35. Rd7 Ke6 36. Rxe7+ Kxf5 37. Rxb7 Rg2+ 38. Kb3 Rg1 39. Kb2 Rg4 40. Kb3 g6 41. hxg6 Rxg6 42. a4 e4 43. a5 e3 44. Re7 Kf4 45. Kc4 h5 46. Kd4 Rd6+ 47. Kc5 Rf6 48. Kd4 Rd6+ 49. Kc5 Rf6 1/2-1/2

[Event "Hungarian Youth-ch U14 2022"]
[Site "Eger"]
[Date "2022.07.25"]
[Round "3.1"]
[White "Megyaszai, Balazs"]
[Black "Szegedy, Matyas"]
[Result "1/2-1/2"]
[ECO "B43"]
[WhiteElo "1919"]
[BlackElo "2152"]
[Annotator "TA"]
[PlyCount "82"]
[EventDate "2022.07.21"]
[EventType "tourn"]
[EventCountry "HUN"]
[SourceTitle "playchess.com"]
[Source "ChessBase"]
[SourceQuality "1"]
[TimeControl "40/5400+30:1800+30"]

1. e4 c5 2. Nf3 e6 3. d4 cxd4 4. Nxd4 a6 5. Nc3 Qc7 6. Bd3 Nf6 7. O-O Bd6 8. h3 {[%emt 0:05:10] B43: Sicilian: Kan Variation: 5 Nc3.} O-O 9. Kh1 {[%emt 0:06:15] [#]} Nc6 $146 ({Predecessor:} 9... Bf4 10. Qf3 Bxc1 11. Raxc1 Nc6 12. Qe3 d6 13. Nde2 b5 14. f4 Bb7 15. f5 Ne5 {½-½ (47) Erben,L (2065)-Stark,S (1953) Magdeburg 2010}) 10. Nb3 Bf4 11. Bxf4 Qxf4 12. Qd2 Qxd2 13. Nxd2 d5 14. Na4 Bd7 15. Nc5 b6 16. Nxd7 Nxd7 17. exd5 exd5 18. c3 Nc5 19. Be2 b5 20. Nb3 Na4 21. Rab1 Ne5 22. Nd4 Nc5 (22... Nc4 $11) 23. Bf3 Nxf3 24. Nxf3 Rfe8 25. Nd4 Nd3 26. Kg1 Ne5 27. Rfd1 Nc4 28. Kf1 Re4 29. Nb3 ({White should play} 29. Nc6 $16) 29... Rae8 $11 30. Nd2 Re2 31. Nxc4 dxc4 {[%emt 0:00:01][%mdl 4096] Endgame KRR-KRR} 32. Re1 R2e6 (32... Rxe1+ $11 33. Rxe1 Kf8) 33. Rxe6 $1 $14 Rxe6 {[%emt 0:00:01] KR-KR} 34. Rd1 (34. Re1 $14) 34... g6 $11 {[%emt 0:00:05] The position is equal.} 35. Rd7 Kg7 36. Rb7 h5 37. a4 bxa4 38. Rb4 Rc6 39. Rxa4 Kf6 40. Rb4 Ke6 41. Ke2 Kd5 {[%emt 0:03:46] Weighted Error Value: White=0.11 (very precise) /Black=0.13 (very precise)} 1/2-1/2

[Event "Hungarian Youth-ch U14 2022"]
[Site "Eger"]
[Date "2022.07.25"]
[Round "3.2"]
[White "Gergely, Daniel"]
[Black "Bodrogi, Bendeguz"]
[Result "1/2-1/2"]
[ECO "A57"]
[WhiteElo "2053"]
[BlackElo "2170"]
[Annotator "TA"]
[PlyCount "60"]
[EventDate "2022.07.21"]
[EventType "tourn"]
[EventCountry "HUN"]
[SourceTitle "playchess.com"]
[Source "ChessBase"]
[SourceQuality "1"]
[TimeControl "40/5400+30:1800+30"]

1. d4 Nf6 2. c4 c5 3. d5 b5 4. Qc2 g6 5. e4 Bg7 6. Nc3 {[%emt 0:02:01] A57: Benko/Volga Gambit.} ({Better is} 6. cxb5 $16 d6 7. Nc3) 6... a6 (6... b4 $11 {keeps the balance.} 7. Nd1 O-O) 7. h3 (7. cxb5 $16 d6 8. Nf3) 7... d6 8. cxb5 {[%emt 0:02:07] White has an edge.} O-O {[%emt 0:00:20] [#]} 9. a4 $146 ({Predecessor:} 9. Nf3 Nbd7 10. a4 Qa5 11. Bd2 Re8 12. Be2 axb5 13. Bxb5 Ba6 14. O-O Qb6 15. Rfe1 Bxb5 16. Nxb5 Reb8 17. Bc3 {1-0 (38) Ardila,O (1988)-Obad,A (2221) Chess.com INT 2022}) 9... e6 10. dxe6 Bxe6 11. Nf3 d5 12. exd5 Nxd5 13. Nxd5 Bxd5 14. Be2 c4 (14... axb5 $11 15. O-O bxa4) 15. bxa6 (15. O-O $14) 15... Nxa6 $15 16. O-O $1 Nb4 {[%emt 0:01:01][%mdl 1024] Black has compensation.} 17. Qd2 Qa5 18. Qf4 (18. Ra3 $15) 18... Rae8 ({Don't do} 18... Nd3 19. Bxd3 cxd3 20. Rd1 $14) 19. Bd1 ({Not} 19. Bxc4 $2 Re4 20. Qg5 Rxc4 $19) 19... Nd3 20. Qd2 Qxd2 21. Bxd2 Bxb2 22. Rb1 {[%emt 0:00:34] [#]} Rb8 (22... c3 $1 $17 23. Bh6 Ba2) 23. Ne1 (23. Bc2 $1 $15 {was preferrable.}) 23... Nxe1 24. Rxe1 c3 25. Bf4 Ba2 26. Bxb8 Bxb1 (26... Rxb8 $5 27. Bc2 Bxb1 28. Rxb1 Kg7 $11) 27. Be5 Rc8 {[%emt 0:01:50] [#] Threatens to win with ...Ba3.} 28. Bb3 (28. Bf3 $5 ) 28... Bf5 29. a5 {[%emt 0:03:18][%cal Ba4a5,Ba5a6][%mdl 32] Bd5 is the strong threat.} Rc5 {[%emt 0:02:36][%mdl 8192] Against Bd5} (29... Ba3 $11 30. a6 c2) 30. a6 Ra5 {[%emt 0:00:21] Quite a comeback for White.  Weighted Error Value: White=0.30/Black=0.42} 1/2-1/2

[Event "Hungarian Youth-ch U14 2022"]
[Site "Eger"]
[Date "2022.07.25"]
[Round "3.3"]
[White "Kolimar, Kristof Pal"]
[Black "Giang, Tran Nam"]
[Result "1/2-1/2"]
[ECO "D02"]
[WhiteElo "2160"]
[BlackElo "2144"]
[Annotator "TA"]
[PlyCount "146"]
[EventDate "2022.07.21"]
[EventType "tourn"]
[EventCountry "HUN"]
[SourceTitle "playchess.com"]
[Source "ChessBase"]
[SourceQuality "1"]
[TimeControl "40/5400+30:1800+30"]

1. d4 d5 2. Nf3 Nf6 3. g3 c6 4. c4 Bf5 5. Nc3 e6 6. Nh4 {[%emt 0:00:04] D11: Slav Defence: 3 Nf3 sidelines and 3...Nf6 4 e3 Bg4.} Bg4 7. Qb3 Qb6 8. h3 {[%emt 0:00:07] White is slightly better.} Bh5 9. g4 Bg6 10. Nxg6 hxg6 11. Bg2 {[%emt 0:00:03] [#]} dxc4 $146 ({Predecessor:} 11... Nbd7 12. Bf4 Be7 13. c5 Qa6 14. O-O b6 15. cxb6 axb6 16. e4 O-O 17. exd5 Nxd5 18. Nxd5 cxd5 {½-½ (46) Cheparinov,I (2709)-Antipov,M (2589) St Petersburg 2018}) 12. Qxc4 Qa6 13. b3 Nd5 $1 14. Bd2 (14. Bxd5 exd5 15. Qxa6 Nxa6 $15) 14... Nb6 15. Qxa6 Nxa6 16. e3 Be7 17. Ke2 Rd8 18. a3 (18. f4 {is interesting.} Nd5 19. h4 Ba3 20. Ne4) 18... Nc7 19. Rhc1 O-O (19... Nbd5 $11) 20. b4 $14 Nbd5 21. Ne4 Na6 22. Rab1 Rb8 23. Be1 Rfc8 24. Nd2 b6 (24... g5 $14) 25. Nc4 f6 {[%emt 0:02:45] Inhibits Ne5.} 26. Bd2 (26. g5 $142) 26... Rd8 (26... g5 $142) 27. Rb3 (27. g5 $16) 27... Rbc8 (27... g5 $1 $14) 28. Nb2 (28. f4 $16) 28... g5 29. Ke1 Kf7 30. Bf1 Nb8 31. a4 Rc7 32. Nd3 Rcd7 33. b5 c5 (33... Rc8 $16) 34. dxc5 $18 bxc5 35. Nxc5 (35. a5 $18) 35... Rc7 (35... Bxc5 $16 36. Rxc5 Nb6) 36. Nd3 Rxc1+ 37. Nxc1 Rc8 38. Kd1 Nd7 39. Nd3 N5b6 {[%emt 0:02:22] [#]} (39... Rc4 $16) 40. Nb2 $2 (40. a5 $1 $18 ) 40... Nc5 $14 41. Rc3 Rd8 42. Bg2 {[%emt 0:02:01] Against Ne4} Nbxa4 43. Nxa4 Nxa4 44. Rc7 {[%emt 0:00:03] Strongly threatening Kc2.} Nb6 45. Ke2 ({Reject} 45. Rxa7 Nc4 46. Rc7 (46. Ra2 Bb4 $17) 46... Nxd2 $17) 45... Rd7 46. Rxd7 Nxd7 {[%emt 0:00:02][%mdl 4096] Endgame KBB-KBN} 47. Kd3 Bc5 48. Kc4 {[%emt 0:02:23] Black must now prevent Bc6.} Bb6 49. Bb4 Ne5+ 50. Kc3 g6 51. f4 gxf4 52. exf4 Nd7 53. Bc6 Nf8 (53... Nc5 $14) 54. Bd6 $16 Nh7 55. Kc4 Nf8 56. Kd3 Nh7 57. Bd7 Nf8 {[%emt 0:00:27] [#]} 58. Bc8 Ke8 59. h4 Kf7 60. h5 gxh5 61. gxh5 Nh7 62. Ke4 Bf2 (62... f5+ $16 63. Ke5 Nf8 64. Bxf8 Kxf8 65. Kxe6 (65. Bxe6 Kg7 $16) 65... Kg7) 63. Kf3 (63. h6 $18) 63... Bb6 $2 ({Better is} 63... Bd4 $1 $14) 64. Ke4 Bf2 $1 65. h6 {[%emt 0:00:58] And now f5 would win.} Bb6 $2 (65... f5+ {keeps fighting.} 66. Ke5 Ng5) 66. Bd7 (66. f5 $142 Ng5+ 67. Kd3 exf5 68. Bxf5) 66... Bf2 $2 (66... f5+ 67. Ke5 Nf8 68. Bxf8 Kxf8 69. Kxe6 Bd4 70. Kxf5 Bc3) 67. Kd3 $2 (67. f5 $18 Ng5+ 68. Kf4 exf5 69. Kxf5) 67... Bb6 $2 ({Black should try} 67... f5 $1 $14) 68. Kc4 $2 (68. f5 $18 exf5 69. Bxf5) 68... f5 $1 $14 69. Be5 Nf8 70. Bc8 Nh7 71. Bd4 Nf6 72. Bc5 Nh7 ({Less strong is} 72... Bxc5 73. Kxc5 Ne4+ 74. Kd4 $16) 73. Bd4 {[%emt 0:00:59] White is more active.} (73. Bd6 $14) 73... Nf8 {[%emt 0:00:26] Black defended with fortune.  Weighted Error Value: White=0.17 (very precise) /Black=0.20 (precise)} (73... Nf6 $1 $11) 1/2-1/2

[Event "Hungarian Youth-ch U14 2022"]
[Site "Eger"]
[Date "2022.07.25"]
[Round "3.4"]
[White "Szakmary, Domonkos"]
[Black "Csernyik, Mark"]
[Result "0-1"]
[ECO "B30"]
[WhiteElo "1967"]
[BlackElo "2022"]
[Annotator "TA"]
[PlyCount "44"]
[EventDate "2022.07.21"]
[EventType "tourn"]
[EventCountry "HUN"]
[SourceTitle "playchess.com"]
[Source "ChessBase"]
[SourceQuality "1"]
[TimeControl "40/5400+30:1800+30"]

1. e4 c5 2. Nf3 Nc6 3. Bb5 d6 4. Bxc6+ bxc6 5. O-O Bg4 6. d3 Nf6 7. b3 {[%emt 0:07:41] B51: Sicilian: Moscow Variation (3 Bb5+) without 3...Bd7.} h6 8. Bb2 e5 9. Nbd2 {[%emt 0:04:53] [#] The position is equal.} g5 $146 (9... Nd7 $11) ({Predecessor:} 9... Be7 10. h3 Bh5 11. c4 Qd7 12. Re1 O-O 13. Qc2 Nh7 14. Qd1 Ng5 15. Nxe5 dxe5 16. Qxh5 Qxd3 {1-0 (29) Plutaite,A (1363)-Koliasnikovas,D Panevezys 2016}) 10. c3 Bh5 (10... Bg7 $11 {remains equal.}) 11. h3 ({White should try} 11. d4 $16) 11... g4 $11 12. hxg4 Bxg4 13. d4 Rg8 14. dxe5 dxe5 {White must now prevent ...Nh5.} 15. Re1 {[%emt 0:09:52] [#]} (15. Kh1 $11) 15... Nh5 $1 $17 16. c4 (16. g3 $142) 16... Bd6 (16... Nf4 $142 {Hoping for ...Bxf3.} 17. g3 {[#]} (17. Bxe5 Bxf3 18. Nxf3 Nxg2 $17) 17... f6 $1) 17. Nf1 (17. g3 $142) 17... Qf6 {[%emt 0:02:58] Threatens to win with ...Bxf3.} 18. N1h2 {[%emt 0:01:49][%mdl 8192] This move loses the game for White.} (18. Re3 $17) 18... Bh3 $1 $19 {[%emt 0:00:40] Black is clearly winning.} 19. g3 {[%emt 0:00:41] [#]} Nxg3 20. fxg3 Rxg3+ 21. Kf2 Rg2+ {[%emt 0:00:14][%mdl 64] Skewer} 22. Ke3 O-O-O {[%emt 0:02:21] Weighted Error Value: White=1.31/Black=0.43} 0-1

[Event "Hungarian Youth-ch U14 2022"]
[Site "Eger"]
[Date "2022.07.25"]
[Round "3.5"]
[White "Turcsanyi, Vince Gergo"]
[Black "Matyassy, Lazar"]
[Result "1/2-1/2"]
[ECO "B63"]
[WhiteElo "2117"]
[BlackElo "2132"]
[Annotator "TA"]
[PlyCount "81"]
[EventDate "2022.07.21"]
[EventType "tourn"]
[EventCountry "HUN"]
[SourceTitle "playchess.com"]
[Source "ChessBase"]
[SourceQuality "1"]
[TimeControl "40/5400+30:1800+30"]

1. e4 c5 2. Nf3 d6 3. d4 cxd4 4. Nxd4 Nf6 5. Nc3 Nc6 6. Bg5 e6 7. Qd2 Be7 8. O-O-O a6 9. f3 Nxd4 10. Qxd4 b5 {[%emt 0:00:05] B66: Sicilian: Richter-Rauzer: 7...a6 8 0-0-0 h6.} 11. Kb1 {[%emt 0:06:13] Nowadays more popular than 11.h4.} Bb7 12. g4 {[%emt 0:06:50] [#]} h6 $146 {[%emt 0:03:14] The position is equal.} ({Predecessor:} 12... O-O 13. h4 Rc8 14. Bd3 Qc7 15. h5 h6 16. Bh4 Qc5 17. Ne2 Rfd8 18. Qg1 Qxg1 19. Rdxg1 Kf8 20. g5 hxg5 21. Bxg5 Ng8 {1-0 (67) Agmanov,Z (2402)-Arjun,K (2482) Abu Dhabi 2019}) 13. Bxf6 (13. Bh4 {is more complex.} O-O 14. Bd3 Rc8 15. Bg3) 13... Bxf6 14. Qxd6 Qxd6 15. Rxd6 Ke7 16. Rd3 h5 17. gxh5 Bc6 18. Ne2 Rxh5 19. Bg2 Rg5 {[%emt 0:05:26][%mdl 1024] Black has compensation.} 20. Rg1 Rh8 21. h3 b4 22. Re3 Bb5 {[%emt 0:22:21] This bishop pair is nice.} 23. f4 Rc5 (23... Rg6 $5 24. f5 Rgh6 $15) 24. Rd1 Rhc8 25. Rd2 (25. e5 $11 Bh4 26. Bf1) 25... e5 $1 $17 26. Rf3 Bxe2 (26... Bh4 $15 27. Rf1 exf4) 27. Rxe2 $11 Rd8 $40 {[%emt 0:00:08][%cal Rd8d1][%mdl 128] White needs to defend precisely.} 28. Rd3 {[%emt 0:02:34] Against Rd1+} (28. a3 $11 {remains equal.}) 28... Rxd3 29. cxd3 exf4 $17 {[%emt 0:00:11][%mdl 4096] Endgame KRB-KRB} 30. Bf3 Bd4 31. Rc2 Kf6 {[%emt 0:02:43] White must now prevent ...Rxc2.} 32. Rxc5 Bxc5 {[%emt 0:00:05] KB-KB} 33. Kc2 ({White must play} 33. h4 $1 $15) 33... Bd4 ({Black should try} 33... Kg5 $1 $19 34. Kb3 Kh4) 34. a3 $2 (34. h4 $1 $15) 34... bxa3 $19 35. bxa3 {[%emt 0:00:08] [#]} Kg5 36. Kd2 $2 (36. Kb3) 36... Kh4 37. Bg4 Kg3 {[%emt 0:00:09] Hoping for ...f3.} 38. Ke2 a5 39. a4 {[%emt 0:00:05] [#]} g6 $2 (39... Kg2 $1 $19 {has better winning chances. ...g6 is the strong threat.} 40. e5 Bxe5) 40. Kf1 $17 f6 41. Be6 {[%emt 0:04:19] Weighted Error Value: White=0.71/Black=0.30} 1/2-1/2

[Event "Hungarian Youth-ch U14 2022"]
[Site "Eger"]
[Date "2022.07.25"]
[Round "3.6"]
[White "Nandin-Erdene, Davaademberel"]
[Black "Lazsadi, Kerka Lilla"]
[Result "1-0"]
[ECO "A03"]
[WhiteElo "1789"]
[BlackElo "1674"]
[Annotator "NA RC COMBH"]
[PlyCount "85"]
[EventDate "2022.07.21"]
[EventType "tourn"]
[EventCountry "HUN"]
[SourceTitle "playchess.com"]
[Source "ChessBase"]
[SourceQuality "1"]
[TimeControl "40/5400+30:1800+30"]

1. f4 d5 2. Nf3 g6 3. g3 Bg7 4. Bg2 Nh6 5. O-O O-O 6. d3 c5 7. c3 Nc6 8. Na3 b6 9. Qc2 Bb7 10. e4 d4 11. Rb1 e5 12. fxe5 Ng4 13. e6 fxe6 14. Bg5 Bf6 15. Qd2 Bxg5 16. Nxg5 Qe7 17. Nc4 Ne3 18. Nxe3 Qxg5 19. Nc4 Qxd2 20. Nxd2 Ne5 21. cxd4 cxd4 22. Nb3 Rad8 23. Bh3 Rd6 24. Rbd1 Ba6 25. Nc1 Rxf1+ 26. Kxf1 g5 27. Ke2 g4 28. Bg2 Rc6 29. Kd2 Kg7 30. Ne2 Rd6 31. Nf4 Nc6 32. a3 Ne7 33. e5 Rd7 34. Nxe6+ Kf7 35. Nf4 Rc7 36. Rf1 Ke8 37. Ne6 Rc8 38. Rf8+ Kd7 39. Rxc8 Bxc8 40. Nxd4 Ng6 41. Be4 Nxe5 42. Bxh7 Bb7 43. Ke3 1-0